 Dungeon Crawl Stone Soup version 0.28.0-53-g5a82cb258f (webtiles) character file.

Game seed: 3993265299076027003

17 Brotato the Firebug (level 2, -3/20 HPs)
             Began as a Demigod Fire Elementalist on June 3, 2022.
             Slain by a gnoll
             ... wielding a +0 flail of protection
              (4 damage)
             ... on level 1 of the Dungeon.
             The game lasted 00:02:48 (708 turns).

Brotato the Firebug (Demigod Fire Elementalist)      Turns: 708, Time: 00:02:48

Health: -3/20      AC:  2    Str:  9    XL:     2   Next: 30%
Magic:  3/7        EV: 12    Int: 17    God:
Gold:   21         SH:  0    Dex: 14    Spells: 4/5 levels left

rFire   . . .      SeeInvis .   c - staff of death
rCold   . . .      Faith    .   (no shield)
rNeg    + . .      Spirit   .   a - +0 robe
rPois   .          Reflect  .   (no helmet)
rElec   .          Harm     .   (no cloak)
rCorr   .          Rampage  .   (no gloves)
Will    .....                   (no boots)
Stlth   ++........              (no amulet)
HPRegen 0.06/turn               (no ring)
MPRegen 0.10/turn               (no ring)

@: no status effects
A: high MP 1, forlorn, divine attributes
a: no special abilities


You were on level 1 of the Dungeon.
You visited 1 branch of the dungeon, and saw 1 of its levels.

You collected 21 gold pieces.

Inventory:

Missiles
 b - 2 poisoned darts
Armour
 a - a +0 robe (worn)
Magical Staves
 c - a staff of death (weapon)
Scrolls
 d - a scroll of noise {unknown}


   Skills:
 + Level 2.0 Dodging
 + Level 2.0 Stealth
 + Level 2.0 Spellcasting
 + Level 1.2 Conjurations
 + Level 2.8 Fire Magic


You had 4 spell levels left.
You knew the following spells:

 Your Spells              Type           Power      Damage    Failure   Level
a - Foxfire               Conj/Fire      32%        2x1d5     9%          1

Your spell library contained the following spells:

 Spells                   Type           Power      Damage    Failure   Level
 Scorch                   Fire           22%        2d6       9%          2
 Shock                    Conj/Air       12%        1d3       16%         1
 Slow                     Hex            4%         N/A       19%         1
 Conjure Flame            Conj/Fire      8%         6-21      26%         3
 Inner Flame              Hex/Fire       6%         N/A       32%         3
 Confusing Touch          Hex            1%         N/A       50%         3
 Vampiric Draining        Necr           2%         2d6       50%         3
 Flame Wave               Conj/Fire      8%         2d5       63%         4


Dungeon Overview and Level Annotations

Branches:
Dungeon (1/15)


Innate Abilities, Weirdness & Mutations

You have an increased reservoir of magic. (+10% MP)
You shall have no god before yourself.
Your divine heritage dramatically boosts your attributes as you level up.


Message History

There is an open door here.
There is an open door here.
A gnoll comes into view.
It is wielding a +0 flail of protection.
Found a leather armour.
Casting: Foxfire (safe; 9% risk of failure)
Press: ? - help, Q - select action, (/) - cycle Dir - look around, f - activate You conjure some foxfire!
The foxfire hits the gnoll.
The gnoll is lightly wounded.
The foxfire hits the gnoll but does no damage.
The gnoll is lightly wounded.
Casting: Foxfire (safe; 9% risk of failure)
Press: ? - help, Q - select action, (/) - cycle Dir - look around, f - activate You conjure some foxfire!
You hit the gnoll but do no damage.
The gnoll is lightly wounded.
The foxfire hits the gnoll.
The gnoll is lightly wounded.
The foxfire hits the gnoll but does no damage.
The gnoll is lightly wounded.
The gnoll closely misses you.
Casting: Foxfire (safe; 9% risk of failure)
Press: ? - help, Q - select action, (/) - cycle Dir - look around, f - activate You conjure some foxfire!
The gnoll barely misses you.
You barely miss the gnoll.
The gnoll is lightly wounded.
The foxfire hits the gnoll but does no damage.
The gnoll is lightly wounded.
The foxfire hits the gnoll but does no damage.
The gnoll is lightly wounded.
The gnoll hits you with a +0 flail of protection!
Ouch! That really hurt!
The gnoll hits you with a +0 flail of protection!
* * * LOW HITPOINT WARNING * * *
Casting: Foxfire (safe; 9% risk of failure)
Press: ? - help, Q - select action, (/) - cycle Dir - look around, f - activate You conjure some foxfire!
The gnoll hits you with a +0 flail of protection.
You die...

#.###.###.#.# #.#.##
#.....#...#.# #.#.##
######...#.###+ ###...##
#......###.##.. #.....##
#.####..#...+.. #.###.#. #.#
##.#.###.[ #.# #.#. #.#
##..#..###.###########.# #.'. #.#
#.#.#.#.##.gvv.........#####.
#.###.#.#.#.##..@§..............÷
#.##.##.#.##.####§...............
#.##.##.#.##.####...########+####
#.....+.'.+^....#...####...§§....
####.##.#.##.##.....##...⌠§v...⌠.
#.##.#.##.####...#..⌠...#'#...
##.#.#.#.## #...'.....##<##..
#.#.#.#.# #...'.....##>##..
##..#..## #...#..⌠...#+#...


You could see a gnoll (ally target).

Vanquished Creatures
  2 ball pythons (D:1)
  2 bats (D:1)
  A giant cockroach (D:1)
  2 goblins (D:1)
  3 hobgoblins (D:1)
  A quokka (D:1)
  A frilled lizard (D:1)
  2 kobolds (D:1)
14 creatures vanquished.

Vanquished Creatures (others)
  42 foxfires (D:1)
42 creatures vanquished.

Grand Total: 56 creatures vanquished

Notes
Turn   | Place    | Note
-------+----------+-------------------------------------------
     0 | D:1      | Brotato the Demigod Fire Elementalist began the quest for
                  | the Orb.
     0 | D:1      | Reached XP level 1. HP: 14/14 MP: 5/5
   100 | D:1      | Reached skill level 1 in Conjurations
   472 | D:1      | Reached XP level 2. HP: 20/20 MP: 2/7
   542 | D:1      | Got Plato's Papyrus of Air
   707 | D:1      | HP: 1/20 [gnoll/+0 flail of protection (9)]
   708 | D:1      | Slain by a gnoll

Illustrated notes

Levels and vault maps discovered:
D:1:      dpeg_arrival_refuge, layout_basic,
          shapermc_ecumenical_altar_rom_forum, serial_shops,
          nicolae_shop_bloodbath_and_beyond, interstate_on_off,
          minmay_octomino_e4

Skill      XL: |  1  2 |
---------------+-------+-----
Conjurations   | 1 |  1.2
Stealth        | 2 |  2.0
Dodging        | 2 |  2.0
Spellcasting   | 2 |  2.0
Fire Magic     | |  2.8

Action                   || total
-------------------------++-------
Melee: Staff             ||     9
 Cast: Foxfire           ||    31
Dodge: Dodged            ||     4
